 Dungeon Crawl Stone Soup version 0.29-a0-520-gc852659d43 (console) character file.

Game seed: 17362847826337388598

387 om the Ducker (level 6, 0/43 HPs)
             Began as a Merfolk Ice Elementalist on May 31, 2022.
             Slain by Pikel
             ... wielding a +2 whip of electrocution
              (16 damage)
             ... on level 4 of the Dungeon.
             The game lasted 00:14:36 (5682 turns).

om the Ducker (Merfolk Ice Elementalist)            Turns: 5682, Time: 00:14:36

Health: 0/43       AC:  2    Str:  9    XL:     6   Next: 78%
Magic:  14/21      EV: 14    Int: 14    God:
Gold:   170        SH:  0    Dex: 16    Spells: 6/13 levels left

rFire   . . .      SeeInvis .   o - staff of cold
rCold   + . .      Faith    .   (no shield)
rNeg    . . .      Spirit   .   a - +1 robe
rPois   .          Reflect  .   e - +2 helmet
rElec   .          Harm     .   (no cloak)
rCorr   .          Rampage  .   (no gloves)
Will    .....                   (no boots)
Stlth   +++.......              (no amulet)
HPRegen 0.14/turn               j - ring of magical power
MPRegen 0.17/turn               (no ring)

@: corroded
A: (nimble swimmer 2), mertail
a: no special abilities


You were on level 4 of the Dungeon.
You visited 1 branch of the dungeon, and saw 4 of its levels.

You collected 170 gold pieces.

Inventory:

Hand Weapons
 f - a +0 spear
 i - a +0 club
 k - a +2 dagger of protection
Armour
 a - a +1 robe (worn)
 e - a +2 helmet (worn)
Magical Staves
 o - a staff of cold (weapon)
Jewellery
 c - a ring of fire
 j - a ring of magical power (left hand)
 s - a ring of wizardry
 v - a ring of positive energy
Scrolls
 d - a scroll of summoning {unknown}
 n - a scroll of brand weapon {unknown}
 p - 2 scrolls of fear
 r - a scroll of enchant weapon
Potions
 b - a potion of magic
 g - a potion of curing
 h - a potion of brilliance {unknown}
 l - a potion of cancellation
 m - a potion of invisibility {unknown}
 t - a potion of ambrosia
 u - 2 potions of mutation {unknown}


   Skills:
 + Level 1.1 Fighting
 * Level 1.2 Staves
 + Level 5.2 Dodging
 - Level 4.0 Stealth
 - Level 4.0 Spellcasting
 - Level 5.0 Ice Magic


You had 6 spell levels left.
You knew the following spells:

 Your Spells              Type           Power      Damage    Failure   Level
a - Freeze                Ice            100%       1d11      2%          1
b - Frozen Ramparts       Ice            50%        1d7       8%          3
c - Ozocubu's Armour      Ice            25%        N/A       8%          3

Your spell library contained the following spells:

 Spells                   Type           Power      Damage    Failure   Level
 Sublimation of Blood     Necr           2%         N/A       28%         2
 Call Canine Familiar     Summ           2%         N/A       50%         3
 Portal Projectile        Hex/Tloc       4%         N/A       50%         3
 Hailstorm                Conj/Ice       14%        3d5       56%         4
 Airstrike                Air            1%         N/A       88%         4
 Leda's Liquefaction      Hex/Erth       1%         N/A       88%         4
 Petrify                  Tmut/Erth      2%         N/A       88%         4
 Summon Lightning Spire   Summ/Air       2%         N/A       88%         4
 Irradiate                Conj/Tmut      1%         3d13      99%         5
 Lightning Bolt           Conj/Air       1%         1d12      99%         5


Dungeon Overview and Level Annotations

Branches:
Dungeon (4/15)
 Temple: D:4-7

Altars:

Annotations:
D:3 2 transporters, sirJeffrey23's ghost, amateur HOMo
D:4 Pikel


Innate Abilities, Weirdness & Mutations

((You are very nimble when in or above water. (Stealth+, EV+, Speed+++)))
Your lower body shifts to a powerful aquatic tail in water.


Message History

A lemure is nearby!
Casting: Freeze (safe; 2% risk of failure)
Confirm with . or Enter, or press ? or * to list all spells.
Casting: Frozen Ramparts (dangerous; 8% risk of failure)
Press: ? - help, Dir - look around, f - activate You feel a surge of power!
The walls around you are covered in ice.
Pikel shouts!
The lemure shouts!
Casting: Frozen Ramparts (dangerous; 8% risk of failure)
Confirm with . or Enter, or press ? or * to list all spells.
You feel a surge of power! A film of ice covers your body!
The wall freezes the lemure.
Aiming: Freeze (safe; 2% risk of failure)
Press: ? - help, Q - select action, (/) - cycle Shift-Dir - straight line, f - lemure
Aim: a lemure (lightly wounded)
You feel a surge of power!
You freeze the lemure.
The lemure is lightly wounded.
The wall freezes the lemure.
The lemure hits you.
Unknown command.
Casting: Freeze (safe; 2% risk of failure)
Confirm with . or Enter, or press ? or * to list all spells.
You don't know that spell.
Unknown command.
Aiming: Freeze (safe; 2% risk of failure)
Press: ? - help, Q - select action, (/) - cycle Shift-Dir - straight line, f/p - lemure
Aim: a lemure (moderately wounded)
You feel a surge of power!
You freeze the lemure!
The lemure is heavily wounded.
The wall freezes the lemure.
The lemure barely misses you.
You barely miss the lemure.
The lemure is severely wounded.
The wall freezes the lemure.
The lemure barely misses you.
The wall freezes the lemure.
You kill the lemure!
That felt strangely unrewarding.
The wall freezes Pikel.
Pikel zaps a wand.
The bolt of acid hits you! The acid corrodes you!
Your icy armour and frozen ramparts will break if you move.
Continue?
Your icy armour cracks and falls away as you move.
The frozen ramparts melt away as you move.
Pikel hits you with a +2 whip of electrocution!
You are electrocuted!
You die...

#...........#.#.#
##+#.####.#.#.#.#
#.####.#.#.#.# #####
#...[..#.#.... ##...#
#........#.... .....
#.......>.....
###...###.............
.....'...............
#...###......[##....
#..K# #.......##....
####..@###.......##....
#.........#.......##....
#.###...#.#.########....
#...#.#........#....
#...#.########.#....
#####........#.#....
#####..#.#.#....
##..#.#.#....
#............
#........(...
#............


You could see Pikel.

Vanquished Creatures
  A water moccasin (D:4)
  4 lemures (D:4)
  A hound (D:4)
  Jessica (D:2)
  Robin (D:2)
  7 gnolls (D:2)
  3 adders (D:2)
  An adder zombie (D:2)
  2 adder skeletons (D:2)
  4 worms
  2 dart slugs
  2 orcs (D:3)
  5 ball pythons
  2 bats
  6 endoplasms
  6 giant cockroaches
  15 goblins
  7 hobgoblins
  8 jackals
  3 quokkas
  3 frilled lizards
  2 giant cockroach zombies (D:2)
  7 kobolds
  A quokka skeleton (D:2)
  4 rats
98 creatures vanquished.

Vanquished Creatures (others)
  6 plants (D:3)
  6 withered plants (D:2)
12 creatures vanquished.

Grand Total: 110 creatures vanquished

Notes
Turn   | Place    | Note
-------+----------+-------------------------------------------
     0 | D:1      | om the Merfolk Ice Elementalist began the quest for the
                  | Orb.
     0 | D:1      | Reached XP level 1. HP: 13/13 MP: 3/3
    17 | D:1      | Found a faded altar of an unknown god.
   534 | D:1      | Reached XP level 2. HP: 19/19 MP: 5/5
  1838 | D:2      | Reached XP level 3. HP: 24/24 MP: 6/6
  1843 | D:2      | Learned a level 3 spell: Frozen Ramparts
  2096 | D:2      | Reached skill level 5 in Ice Magic
  2096 | D:2      | Reached XP level 4. HP: 2/30 MP: 7/7
  2668 | D:2      | Reached XP level 5. HP: 35/35 MP: 9/9
  2946 | D:2      | Noticed Robin
  2958 | D:2      | Killed Robin
  3145 | D:2      | Learned a level 3 spell: Ozocubu's Armour
  3434 | D:2      | Noticed Jessica
  3443 | D:2      | Killed Jessica
  3444 | D:2      | Reached skill level 5 in Dodging
  3939 | D:3      | Reached XP level 6. HP: 39/41 MP: 11/11
  4183 | D:3      | Found a transporter.
  4256 | D:3      | Identified the +7 spear "Fism" {vamp, rN+ rCorr SInv}
  4577 | D:3      | Found a transporter.
  4590 | D:3      | Noticed sirJeffrey23's ghost (amateur HOMo)
  5137 | D:4      | Noticed a water moccasin
  5231 | D:4      | Killed a water moccasin
  5232 | D:4      | Reached skill level 1 in Staves
  5277 | D:4      | Reached skill level 1 in Fighting
  5427 | D:4      | Noticed Pikel
  5682 | D:4      | Slain by Pikel

Illustrated notes

Levels and vault maps discovered:
D:1:      mushboom_english_gardens, layout_loops_cross,
          ebering_ecumenical_altar_hall, nrook_loot_triangle, fountainhead
D:2:      layout_basic, serial_undead, serial_undead_b, serial_undead_a,
          serial_undead_d, serial_undead_b, minmay_three_crescents,
          uniq_jessica, uniq_robin
D:3:      layout_basic, gammafunk_ghost_gnarly_gnolls
D:4:      layout_basic, minmay_temple_entry_drinking_statues, uniq_eustachio,
          uniq_edmund, uniq_pikel

Skill      XL: |  1  2  3  4  5  6 |
---------------+-------------------+-----
Dodging        | 3 4 5 |  5.2
Ice Magic      | 5 |  5.0
Stealth        | 3 4 |  4.0
Spellcasting   | 3 4 |  4.0
Staves         | 1 |  1.2
Fighting       | 1 |  1.1

Action                   |  1- 3 |  4- 6 || total
-------------------------+-------+-------++-------
Melee: Unarmed           |     7 |       ||     7
       Dagger            |    52 |    33 ||    85
       Punch             |     1 |     1 ||     2
       Spear             |       |   140 ||   140
       Staff             |       |    23 ||    23
 Cast: Freeze            |    23 |    34 ||    57
       Frozen Ramparts   |     2 |    20 ||    22
       Ozocubu's Armour  |       |     3 ||     3
  Use: Scroll            |     4 |     5 ||     9
       Potion            |       |     2 ||     2
 Stab: Sleeping          |     4 |     7 ||    11
Armor: Robe              |    19 |    66 ||    85
Dodge: Dodged            |    53 |   146 ||   199

Table legend: (Time is in decaauts)
 A = Elapsed time spent in this place.
 B = Non-inter-level travel time spent in this place.
 C = Inter-level travel time spent in this place.
 D = Time resting spent in this place.
 E = Time spent auto-exploring this place.
 F = Levels seen in this place.
 G = Mean time per level.
                   A        B        C        D        E       F      G
               +--------+--------+--------+--------+--------+-----+--------+
         Total |   5670 |   5454 |    216 |   1715 |   2724 |   4 | 1417.5 |
       Dungeon |   5670 |   5454 |    216 |   1715 |   2724 |   4 | 1417.5 |
               +--------+--------+--------+--------+--------+-----+--------+

Top non-repeatable levels by time:
     D:2: 2044 daAuts
     D:1: 1764 daAuts
     D:3: 1162 daAuts
     D:4: 698 daAuts
